[Event "Early-Titled-Tuesday-Blitz-May-14-2024"]
[Site "Chess.com"]
[Date "2024.05.14"]
[Round "8"]
[White "OppieZippy"]
[Black "lluiss"]
[Result "1-0"]
[WhiteElo "2350"]
[BlackElo "2202"]
[TimeControl "180+1"]
[EndTime "9:28:55 PDT"]
[Termination "OppieZippy won on time"]

1. Nf3 Nf6 2. g3 g6 3. b3 Bg7 4. Bb2 O-O 5. Bg2 d6 6. d4 Nc6 7. O-O e5 8. dxe5 Ng4 9. Qd2 Ngxe5 10. c4 Bf5 11. Nc3 Qd7 12. Rad1 Bh3 13. Nd5 Bxg2 14. Kxg2 Rad8 15. e3 Rfe8 16. Nd4 Qc8 17. Ne2 Ne7 18. Ndc3 c6 19. e4 Qc7 20. Rfe1 f5 21. Nd4 Qc8 22. f4 Ng4 23. h3 Nh6 24. Nf3 Nf7 25. Qc2 fxe4 26.
Nxe4 d5 27. Nf6+ Bxf6 28. Bxf6 Rd7 29. c5 Nf5 30. Rxe8+ Qxe8 31. Re1 Qf8 32. Bb2 Ne7 33. Qc3 d4 34. Nxd4 Nd5 35. Qc4 Re7 36. Ne6 Qe8 37. Qd4 1-0

[Event "Early-Titled-Tuesday-Blitz-May-14-2024"]
[Site "Chess.com"]
[Date "2024.05.14"]
[Round "8"]
[White "Semetey"]
[Black "Witik"]
[Result "0-1"]
[WhiteElo "2582"]
[BlackElo "2763"]
[TimeControl "180+1"]
[EndTime "9:28:56 PDT"]
[Termination "Witik won by resignation"]

1. Nc3 d5 2. d4 Nf6 3. Bf4 e6 4. Nb5 Na6 5. e3 Be7 6. a3 O-O 7. Nf3 c6 8. Nc3 c5 9. Nb5 Ne8 10. c3 Nb8 11. dxc5 Bxc5 12. Bxb8 Rxb8 13. b4 Bb6 14. Bd3 Qf6 15. Bc2 Bd7 16. Nbd4 Rc8 17. Qd3 g6 18. O-O e5 19. Nb3 e4 20. Qxd5 Bc6 21.
Qe5 exf3 22. Qxf6 Nxf6 23. c4 fxg2 24. Rfc1 Rfd8 25. c5 Bc7 26. Nd4 Be5 27. Rd1 Bxd4 28. exd4 Bf3 29. Re1 Rxd4 30. Re3 Bd5 31. Bb3 Bc6 32.
Re7 Rd7 33. Rae1 Kf8 34. Rxd7 Nxd7 35. Rd1 Ne5 36. Bd5 Rd8 37. Bf3 Nxf3+ 0-1

[Event "Early-Titled-Tuesday-Blitz-May-14-2024"]
[Site "Chess.com"]
[Date "2024.05.14"]
[Round "8"]
[White "Azalea95"]
[Black "Shushik"]
[Result "1-0"]
[WhiteElo "2418"]
[BlackElo "2535"]
[TimeControl "180+1"]
[EndTime "9:28:56 PDT"]
[Termination "Azalea95 won by resignation"]

1. e4 c5 2. Nc3 Nc6 3. g3 g6 4. Bg2 Bg7 5. d3 d6 6. f4 e6 7.
Nf3 Nge7 8. O-O O-O 9. h3 b6 10.
g4 f5 11. Be3 Bd7 12. Qd2 Nd4 13. Rae1 b5 14. Bf2 b4 15. Nd1 Rb8 16. g5 fxe4 17. dxe4 e5 18. Bg3 Nxf3+ 19. Rxf3 Be6 20. Ne3 Nc6 21. f5 Nd4 22. f6 Nxf3+ 23. Bxf3 Bxf6 24. gxf6 Qxf6 25. Bg4 Bxg4 26. Nxg4 Qf3 27. Qg2 Qf7 28. Nh6+ 1-0

[Event "Early-Titled-Tuesday-Blitz-May-14-2024"]
[Site "Chess.com"]
[Date "2024.05.14"]
[Round "8"]
[White "Nouali_Mohamed"]
[Black "scarabee43"]
[Result "1-0"]
[WhiteElo "2602"]
[BlackElo "2811"]
[TimeControl "180+1"]
[EndTime "9:28:59 PDT"]
[Termination "Nouali_Mohamed won by resignation"]

1. e4 c5 2. Nf3 e6 3. d4 cxd4 4. Nxd4 Nc6 5. Nc3 Qc7 6. Be3 Nf6 7. Qf3 Be7 8. O-O-O a6 9. Be2 b5 10. e5 Ng8 11.
Nxc6 dxc6 12. Ne4 Bb7 13. Qg3 g6 14. Nd6+ Bxd6 15. Rxd6 Ne7 16. Qg5 Nf5 17. Qf6 O-O 18.
Rhd1 Nxe3 19. fxe3 c5 20. h4 Be4 21. h5 gxh5 22. Bxh5 Ra7 23. Rd8 Bd5 24. Qg5+ 1-0

[Event "Early-Titled-Tuesday-Blitz-May-14-2024"]
[Site "Chess.com"]
[Date "2024.05.14"]
[Round "8"]
[White "artin10862"]
[Black "NovoselovRoman"]
[Result "1-0"]
[WhiteElo "2858"]
[BlackElo "2653"]
[TimeControl "180+1"]
[EndTime "9:28:59 PDT"]
[Termination "artin10862 won by resignation"]

1. e4 e6 2. d4 d5 3. Nd2 c5 4. Ngf3 Nc6 5. Bb5 Qb6 6. Qe2 dxe4 7. Nxe4 cxd4 8. O-O Nf6 9. Nxf6+ gxf6 10. Rd1 Bc5 11.
a3 e5 12. Nxe5 Be6 13. Nc4 Qc7 14. b4 Be7 15. Qf3 a6 16. Bf4 axb5 17. Bxc7 bxc4 18. b5 Ne5 19. Qxb7 O-O 20. Bxe5 1-0

[Event "Early-Titled-Tuesday-Blitz-May-14-2024"]
[Site "Chess.com"]
[Date "2024.05.14"]
[Round "8"]
[White "SirStrateg"]
[Black "FXDon77"]
[Result "0-1"]
[WhiteElo "2683"]
[BlackElo "2872"]
[TimeControl "180+1"]
[EndTime "9:29:02 PDT"]
[Termination "FXDon77 won by resignation"]

1. d4 Nf6 2. Nf3 d5 3. Bf4 c5 4. e3 Nc6 5. Nbd2 Qb6 6. dxc5 Qxb2 7. Rb1 Qa3 8. c4 g6 9. Nd4 Nxd4 10. exd4 Bg7 11.
cxd5 Nxd5 12. Bb5+ Kf8 13. Rb3 Qa5 14. Qf3 Nxf4 15.
Qxf4 Be6 16. Re3 Qxb5 17. Rxe6 Rd8 18. Qc7 fxe6 19. Qxd8+ Kf7 20. Qc7 Bxd4 21. Qf4+ Bf6 22. Nb3 Rd8 23. h4 Qd3 0-1

[Event "Early-Titled-Tuesday-Blitz-May-14-2024"]
[Site "Chess.com"]
[Date "2024.05.14"]
[Round "8"]
[White "AlexandraSamaganova"]
[Black "TomLiu777"]
[Result "1-0"]
[WhiteElo "2398"]
[BlackElo "2274"]
[TimeControl "180+1"]
[EndTime "9:29:02 PDT"]
[Termination "AlexandraSamaganova won by checkmate"]

1. c4 g6 2. Nc3 Bg7 3. g3 a6 4. Bg2 Ra7 5. d4 Nf6 6. e4 O-O 7. Nge2 Ne8 8. O-O d6 9. Be3 b6 10. h4 c5 11. Qd2 Nc6 12. Rad1 cxd4 13. Nxd4 Nxd4 14. Bxd4 Nf6 15. Nd5 Nxd5 16. exd5 Bg4 17. Bxg7 Re8 18. Bc3 Bxd1 19. Rxd1 Rc7 20. h5 Rxc4 21.
Qh6 Rxc3 22. bxc3 Qc8 23. hxg6 hxg6 24. Rd4 Qxc3 25. Rh4 Qg7 26. Qe3 b5 27. Qa3 g5 28.
Re4 Qa1+ 29. Bf1 Rc8 30. Rxe7 Qf6 31. Qe3 Kg7 32. Re4 Rh8 33. Rg4 Qa1 34. Qxg5+ Kf8 35.
Qd8# 1-0

[Event "Early-Titled-Tuesday-Blitz-May-14-2024"]
[Site "Chess.com"]
[Date "2024.05.14"]
[Round "8"]
[White "slorovel"]
[Black "ploxoi"]
[Result "1-0"]
[WhiteElo "2559"]
[BlackElo "2349"]
[TimeControl "180+1"]
[EndTime "9:29:03 PDT"]
[Termination "slorovel won by resignation"]

1. e4 c5 2. Nf3 e6 3. g3 d5 4. exd5 Qxd5 5. Bg2 Nc6 6. O-O Nge7 7. Nc3 Qd8 8. Qe2 Nf5 9. b3 Be7 10. Bb2 Bf6 11.
Na4 Bxb2 12. Nxb2 O-O 13. c3 Rb8 14. Nd3 Qd6 15. Nde5 Nxe5 16. Nxe5 f6 17. Nc4 Qc7 18. Ne3 Ne7 19. Rac1 Qd8 20. Rfd1 e5 21. Nc2 Re8 22. d4 exd4 23. cxd4 cxd4 24. Nxd4 Qb6 25. Qc4+ Kh8 26. Re1 Bd7 27. Rcd1 Rbc8 28. Qf7 Qc5 29. Bxb7 Rcd8 30. Bg2 Bg4 31. Ne6 Bxe6 32. Qxe6 Qb6 33. Qxb6 axb6 1-0

[Event "Early-Titled-Tuesday-Blitz-May-14-2024"]
[Site "Chess.com"]
[Date "2024.05.14"]
[Round "8"]
[White "SuperJesus88"]
[Black "Mops_2004"]
[Result "0-1"]
[WhiteElo "2548"]
[BlackElo "2821"]
[TimeControl "180+1"]
[EndTime "9:29:05 PDT"]
[Termination "Mops_2004 won by resignation"]

1. e4 c5 2. Nf3 Nc6 3. d4 cxd4 4.
Nxd4 Nf6 5. Nxc6 bxc6 6. Bd3 g6 7. O-O Bg7 8. c4 O-O 9. Nc3 d6 10. Qc2 Nd7 11. b3 a5 12. Bb2 Nc5 13. Rad1 Qb6 14. Ba1 a4 15. Rb1 axb3 16. axb3 Qb4 17. Be2 Rxa1 18.
Rxa1 Bxc3 19. Ra8 Qxb3 20. Qc1 Qb2 21. Qd1 Nxe4 22. Bg4 Bxg4 23. Rxf8+ Kxf8 24. Qxg4 Nf6 25. Qc8+ Kg7 26. Qxc6 Bd4 27. g3 Qe2 28. h3 Ne4 29. Kg2 Bxf2 30. Qxe4 Qxe4+ 0-1

[Event "Early-Titled-Tuesday-Blitz-May-14-2024"]
[Site "Chess.com"]
[Date "2024.05.14"]
[Round "8"]
[White "kuchma777"]
[Black "lamomiajunior"]
[Result "0-1"]
[WhiteElo "2542"]
[BlackElo "2777"]
[TimeControl "180+1"]
[EndTime "9:29:06 PDT"]
[Termination "lamomiajunior won by resignation"]

1. e4 c5 2. Nf3 d6 3. d4 cxd4 4.
Nxd4 Nf6 5. Nc3 a6 6. Rg1 h5 7. Bg5 Nc6 8. Qd2 e6 9. O-O-O Be7 10. h4 Bd7 11. f3 Rc8 12. Nb3 Qc7 13. Be2 b5 14. Kb1 Ne5 15. g4 b4 16. Bxf6 bxc3 17. bxc3 gxf6 18. gxh5 Qxc3 19. Bxa6 Qxd2 20. Rxd2 Nxf3 21.
Bxc8 Nxd2+ 22. Nxd2 Bxc8 23. Nc4 Ba6 24. Na5 Rxh5 25. Nc6 Bb7 26. Rg8+ Bf8 27. Nd4 Rxh4 28. Nb5 Ke7 29. Nxd6 Kxd6 30. Rxf8 Ke7 31. Rb8 Bxe4 32. Kb2 f5 33. a4 f4 34. a5 Rh2 35. Rc8 f3 36. a6 f2 37. Rc7+ Kf6 38. a7 f1=Q 39.
Rc4 Qxc4 0-1

[Event "Early-Titled-Tuesday-Blitz-May-14-2024"]
[Site "Chess.com"]
[Date "2024.05.14"]
[Round "8"]
[White "Casper"]
[Black "SharapovEvgeny"]
[Result "1/2-1/2"]
[WhiteElo "2519"]
[BlackElo "2636"]
[TimeControl "180+1"]
[EndTime "9:29:06 PDT"]
[Termination "Game drawn - insufficient material"]

1. e4 c5 2. Ne2 Nc6 3. g3 e5 4.
Bg2 g6 5. O-O Bg7 6. d3 d6 7. f4 Nge7 8. c3 O-O 9. Nd2 Rb8 10.
a4 a6 11. Nc4 b5 12. axb5 axb5 13. Ne3 b4 14. f5 gxf5 15. exf5 f6 16. c4 Nd4 17. g4 Bb7 18. Ng3 Bxg2 19. Kxg2 Qd7 20. Ne4 Ra8 21. Bd2 Rxa1 22. Qxa1 Nb3 23. Qe1 Nxd2 24. Nxd2 d5 25. Qd1 Bh6 26. Nxd5 Nxd5 27. cxd5 Bxd2 28. Qxd2 Qxd5+ 29. Rf3 e4 30. Re3 exd3+ 31.
Kf2 Qd4 32. Qxd3 Qxd3 33. Rxd3 c4 34. Rd7 Rc8 35. Ke2 c3 36. bxc3 bxc3 37. Kd1 Rc4 38.
h3 h5 39. gxh5 Rc5 40. h6 Rxf5 41. Rd3 Rc5 42. Kc2 Kh7 43. Rxc3 Rxc3+ 44. Kxc3 Kxh6 45. Kd4 Kg5 46. Ke4 Kh4 47. Kf5 Kxh3 48. Kg6 Kg4 49.
Kxf6 1/2-1/2

[Event "Early-Titled-Tuesday-Blitz-May-14-2024"]
[Site "Chess.com"]
[Date "2024.05.14"]
[Round "8"]
[White "HanSchut"]
[Black "ATM622"]
[Result "0-1"]
[WhiteElo "2391"]
[BlackElo "2549"]
[TimeControl "180+1"]
[EndTime "9:29:06 PDT"]
[Termination "ATM622 won by resignation"]

1. e4 c6 2. d4 d5 3. e5 Bf5 4.
h4 h5 5. Bg5 Qb6 6. Bd3 Bxd3 7.
Qxd3 Qxb2 8. e6 Qxa1 9. Qb3 b5 10.
Nf3 Nf6 11. O-O Ne4 12. c3 a5 13. exf7+ Kxf7 14. Re1 a4 15. Qc2 Nd7 16. Ne5+ Nxe5 17. dxe5 e6 18. f3 Bc5+ 19. Kh2 Nxg5 20. hxg5 Ba3 21. g6+ Ke7 22. Qd2 Qb2 23. Qg5+ Kd7 24.
Nd2 Be7 25. Qe3 Rhf8 26. f4 Qc2 27. Nf3 Qf5 28. g3 h4 29. Qb6 hxg3+ 30. Kg2 Qc2+ 31. Kxg3 Qxg6+ 32. Kf2 Rfb8 33. Qd4 b4 34. Rg1 Qc2+ 35.
Kf1 bxc3 36. Rxg7 Rb1+ 37. Ne1 Rxe1+ 38. Kxe1 Qd2+ 39. Qxd2 cxd2+ 40. Kxd2 0-1

[Event "Early-Titled-Tuesday-Blitz-May-14-2024"]
[Site "Chess.com"]
[Date "2024.05.14"]
[Round "8"]
[White "platy3"]
[Black "Adar_07"]
[Result "1-0"]
[WhiteElo "2871"]
[BlackElo "2723"]
[TimeControl "180+1"]
[EndTime "9:29:08 PDT"]
[Termination "platy3 won by checkmate"]

1. e4 c6 2. d4 d5 3. exd5 cxd5 4.
Bd3 Nf6 5. c3 Nc6 6. h3 g6 7. Nf3 Bf5 8. O-O e6 9. Re1 Bxd3 10.
Qxd3 Bg7 11. Bf4 O-O 12. Nbd2 Qb6 13. a4 Rac8 14. b4 a6 15. Nb3 Ne4 16. Nc5 Nxc5 17.
bxc5 Qa5 18. Rab1 Qxa4 19. Rxb7 Na5 20. Rb4 Qa3 21. Bc1 Qa2 22. Bb2 Nc4 23. Ra1 Nxb2 24.
Qf1 Qxa1 25. Qxa1 Nc4 26. Qxa6 e5 27. Qb7 Rfd8 28. Ng5 Rf8 29. Qxd5 Nd2 30. Rb7 Ra8 31. g4 exd4 32. Rxf7 dxc3 33. Rxf8+ Kxf8 34. Qf7# 1-0

[Event "Early-Titled-Tuesday-Blitz-May-14-2024"]
[Site "Chess.com"]
[Date "2024.05.14"]
[Round "8"]
[White "MiguelBestard1981"]
[Black "jaskol95"]
[Result "1-0"]
[WhiteElo "2338"]
[BlackElo "2495"]
[TimeControl "180+1"]
[EndTime "9:29:09 PDT"]
[Termination "MiguelBestard1981 won by resignation"]

1. d4 d5 2. Bf4 Bf5 3. e3 e6 4.
c4 c6 5. Qb3 Qb6 6. c5 Qxb3 7.
axb3 Nd7 8. b4 a6 9. b5 Bxb1 10. bxc6 Bf5 11. cxb7 Rb8 12. Bxb8 Nxb8 13. Bxa6 Kd8 14.
b4 Nf6 15. b5 e5 16. Nf3 exd4 17. exd4 Nfd7 18. O-O Be7 19. Rfc1 Kc7 20. Ra3 Bf6 21. Rb3 Re8 22. b6+ Kc6 23. Bb5+ Kxb7 24. c6+ Nxc6 25. Bxc6+ Kb8 26. h3 Re2 27. Bxd5 Be6 28. Bxe6 Rxe6 29.
Rc7 Rc6 30. Rxc6 1-0

[Event "Early-Titled-Tuesday-Blitz-May-14-2024"]
[Site "Chess.com"]
[Date "2024.05.14"]
[Round "8"]
[White "maurovargas01"]
[Black "ItsCheckM8Mate"]
[Result "0-1"]
[WhiteElo "1954"]
[BlackElo "2282"]
[TimeControl "180+1"]
[EndTime "9:29:09 PDT"]
[Termination "ItsCheckM8Mate won on time"]

1. e4 e5 2. Nf3 Nc6 3. Bc4 Nf6 4. O-O Nxe4 5. Re1 d5 6. Bb5 Bc5 7. d4 exd4 8. Nxd4 O-O 9. Bxc6 bxc6 10. c3 Qf6 11. Be3 Rb8 12. b4 Bd6 13. f3 Qh4 14. fxe4 Qxh2+ 15. Kf1 Ba6+ 16. b5 cxb5 17. Ke2 Qxg2+ 18.
Bf2 b4+ 19. Ke3 c5 20. Nf5 Qxe4+ 21. Kd2 Qxf5 22. Kc1 Qxf2 0-1

[Event "Early-Titled-Tuesday-Blitz-May-14-2024"]
[Site "Chess.com"]
[Date "2024.05.14"]
[Round "8"]
[White "Flameboard08"]
[Black "Zarinur"]
[Result "1-0"]
[WhiteElo "2714"]
[BlackElo "2561"]
[TimeControl "180+1"]
[EndTime "9:29:11 PDT"]
[Termination "Flameboard08 won by checkmate"]

1. f4 d5 2. Nf3 Nf6 3. d3 Bf5 4. g3 h6 5. Bg2 c6 6. Nbd2 e6 7. O-O Bc5+ 8. d4 Be7 9. c3 O-O 10. Ne5 Nbd7 11. e3 Bh7 12. g4 Ne8 13. h3 Nb6 14. e4 Nd6 15. Qe2 f6 16. Nd3 Re8 17. e5 Ndc4 18. b3 Nxd2 19. Bxd2 Bf8 20. exf6 gxf6 21. Rae1 Qd7 22. Nc5 Bxc5 23. dxc5 Nc8 24. Qf2 Qg7 25. f5 e5 26. Qh4 Qf8 27. Bxh6 Qxc5+ 28. Be3 Qf8 29. g5 fxg5 30. Bxg5 Nd6 31.
Bh6 Qf7 32. Qg5+ Kh8 33. f6 Qg6 34. Bg7+ Kg8 35. Rxe5 Qxg5 36. Rxg5 Kf7 37. Bf3 Bg6 38. Kh2 Re3 39. h4 Rxc3 40. h5 Bf5 41. h6 Bg6 42. Rxg6 Kxg6 43. Rg1+ Kh7 44. Bh5 Rd8 45. Bg6+ Kg8 46. h7# 1-0

[Event "Early-Titled-Tuesday-Blitz-May-14-2024"]
[Site "Chess.com"]
[Date "2024.05.14"]
[Round "8"]
[White "FREDERICKtheMATE"]
[Black "RojonR"]
[Result "1/2-1/2"]
[WhiteElo "2673"]
[BlackElo "2613"]
[TimeControl "180+1"]
[EndTime "9:29:14 PDT"]
[Termination "Game drawn by repetition"]

1. Nf3 Nf6 2. c4 e6 3. d4 Bb4+ 4. Bd2 Qe7 5. e3 Bxd2+ 6. Qxd2 O-O 7. Nc3 d5 8. Rc1 Rd8 9. cxd5 exd5 10. Be2 a6 11.
Qc2 Nc6 12. O-O Na7 13. Ne5 c6 14. a4 Be6 15. f4 Nc8 16. Bd3 Nd6 17. b4 Rac8 18.
Qe2 Bd7 19. Rb1 Nfe4 20. Nxe4 dxe4 21. Bc4 Be6 22. Ba2 f6 23. Nc4 Qf7 24. Rfc1 Nxc4 25.
Bxc4 Bxc4 26. Rxc4 Rd5 27. Qc2 Re8 28. b5 axb5 29.
axb5 Rxb5 30. Rxb5 cxb5 31. Rc7 Re7 32. Rc8+ Re8 33. Rc7 Re7 34. Rxe7 Qxe7 35. Qb3+ Kf8 36. Qxb5 g6 37. Kf2 f5 38. Qb3 Qh4+ 39. Kf1 Qxh2 40. Qxb7 Qh1+ 41. Kf2 Qh4+ 42. Kf1 Qh1+ 43. Kf2 Qh4+ 44.
Kf1 Qh1+ 1/2-1/2

[Event "Early-Titled-Tuesday-Blitz-May-14-2024"]
[Site "Chess.com"]
[Date "2024.05.14"]
[Round "8"]
[White "mightysmasher"]
[Black "GeorgiosSouleidis"]
[Result "1/2-1/2"]
[WhiteElo "2563"]
[BlackElo "2671"]
[TimeControl "180+1"]
[EndTime "9:29:14 PDT"]
[Termination "Game drawn by repetition"]

1. e4 c5 2. c3 g6 3. d4 cxd4 4. cxd4 d5 5. e5 Nc6 6. Nf3 Bg4 7. Be2 Bxf3 8. Bxf3 e6 9. O-O Nge7 10. Nc3 Nf5 11.
Be3 Bg7 12. Rc1 O-O 13. Qd2 Rc8 14. Rfd1 f6 15. exf6 Bxf6 16. Ne2 Qd7 17. Rc3 Rf7 18. Rdc1 Rcf8 19. a3 Qe7 20. b4 a6 21. Rc5 h5 22. Nf4 Kh7 23. Re1 Qd6 24. Qd1 Ng7 25.
Qd3 Nf5 26. Qd1 Ng7 27. Qd3 Nf5 28. Qd1 1/2-1/2

[Event "Early-Titled-Tuesday-Blitz-May-14-2024"]
[Site "Chess.com"]
[Date "2024.05.14"]
[Round "8"]
[White "savitha1030"]
[Black "snowlord"]
[Result "0-1"]
[WhiteElo "2559"]
[BlackElo "2942"]
[TimeControl "180+1"]
[EndTime "9:29:16 PDT"]
[Termination "snowlord won by resignation"]

1. Nf3 b6 2. g3 Bb7 3. Bg2 c5 4. b3 Nf6 5. Bb2 g6 6. O-O Bg7 7. d3 d5 8. Nbd2 O-O 9. Ne5 Ne8 10. Rb1 Nc7 11. f4 a5 12. e4 a4 13. Qe2 axb3 14.
axb3 Ra2 15. exd5 Bxd5 16. Ne4 Nc6 17. Nxc6 Bxc6 18. Bxg7 Kxg7 19. Nc3 Qd4+ 20. Rf2 Qxc3 21. Bxc6 Qf6 22. Qe5 Ne6 23. c3 Ra3 24. Bd5 Qxe5 25. fxe5 Nc7 26. Be4 Nb5 27. Rc2 Rd8 28. Kf2 f5 29.
exf6+ exf6 30. Ke3 Ra7 31. Bc6 Na3 32. Ra2 Re7+ 0-1

[Event "Early-Titled-Tuesday-Blitz-May-14-2024"]
[Site "Chess.com"]
[Date "2024.05.14"]
[Round "8"]
[White "kekic76"]
[Black "campochess"]
[Result "1-0"]
[WhiteElo "2294"]
[BlackElo "2104"]
[TimeControl "180+1"]
[EndTime "9:29:16 PDT"]
[Termination "kekic76 won by resignation"]

1. e4 c5 2. Nf3 Nc6 3. d4 cxd4 4. Nxd4 e5 5. Nb5 a6 6. Nd6+ Bxd6 7. Qxd6 Qe7 8. Qxe7+ Ngxe7 9. Be3 d5 10. exd5 Nxd5 11.
Bd2 O-O 12. Nc3 Nde7 13. O-O-O Bf5 14. Be3 Rac8 15. Bd3 Bxd3 16. Rxd3 Nf5 17. Nd5 Ncd4 18. Bxd4 exd4 19. g4 Rc5 20. Nb6 Nh4 21. Nd7 Rd5 22.
Nxf8 Kxf8 23. Rhd1 f5 24. Rxd4 Re5 25. Rd8+ Kf7 26. R1d7+ Kf6 27. Rxb7 fxg4 28. Rdd7 Nf5 29. Rb6+ Kg5 30. Rxa6 h5 31. c4 Re2 32. c5 Rxf2 33.
c6 Ne3 34. c7 Rc2+ 35. Kb1 Rc4 36. b3 Rc3 37. Rd3 Rxd3 38. c8=Q Rd1+ 39. Kb2 Rd2+ 40. Ka3 Rxh2 41. Qc5+ Nf5 42. Ra5 g6 43. Qe7+ Kf4 44. Qc7+ 1-0

[Event "Early-Titled-Tuesday-Blitz-May-14-2024"]
[Site "Chess.com"]
[Date "2024.05.14"]
[Round "8"]
[White "Zq1"]
[Black "cthulhuuu"]
[Result "1-0"]
[WhiteElo "2617"]
[BlackElo "2444"]
[TimeControl "180+1"]
[EndTime "9:29:17 PDT"]
[Termination "Zq1 won by checkmate"]

1. Nf3 Nf6 2. c4 g6 3. Nc3 Bg7 4. e4 d6 5. d4 O-O 6. Be2 e5 7. O-O exd4 8. Nxd4 Re8 9. f3 a5 10. Kh1 Na6 11. Be3 Nc5 12. Qd2 Nfd7 13. Rad1 Ne5 14. Ndb5 Bd7 15. Bxc5 dxc5 16. f4 Bh6 17. Qd5 c6 18.
Qxc5 cxb5 19. fxe5 Rc8 20. Qf2 Rf8 21. cxb5 Qe8 22.
Nd5 Bg7 23. Nf6+ Bxf6 24. exf6 Bxb5 25. Qf4 Bxe2 26. Qh6 Kh8 27. Qg7# 1-0

[Event "Early-Titled-Tuesday-Blitz-May-14-2024"]
[Site "Chess.com"]
[Date "2024.05.14"]
[Round "8"]
[White "vovachesss"]
[Black "Stanbad1"]
[Result "1-0"]
[WhiteElo "2818"]
[BlackElo "2597"]
[TimeControl "180+1"]
[EndTime "9:29:20 PDT"]
[Termination "vovachesss won by checkmate"]

1. e4 e6 2. d4 d5 3. e5 c5 4.
c3 Nc6 5. Nf3 Bd7 6. Be2 Nge7 7.
Na3 cxd4 8. cxd4 Nf5 9. Nc2 Be7 10. O-O O-O 11. Bd3 f6 12. Bf4 Be8 13. Bxf5 exf5 14.
exf6 Bxf6 15. Qd2 h6 16. Ne5 g5 17. Nxc6 Bxc6 18. Be5 f4 19. Rfe1 Qd7 20. f3 Rae8 21.
Nb4 Bxe5 22. Rxe5 Rxe5 23. dxe5 Qe7 24. Qd4 Kf7 25. Re1 Ke6 26. a3 Rc8 27. Qxa7 Bb5 28.
Qb6+ Bc6 29. Nc2 Kf5 30. b4 Kg6 31. b5 Kh5 32. bxc6 Rxc6 33. Qb1 Qc5+ 34. Kh1 Qxc2 35.
Qxb7 Qd2 36. Rg1 Rc1 37. Qf7+ Kh4 38. g3+ fxg3 39. hxg3+ Kh3 40. Qh5# 1-0

[Event "Early-Titled-Tuesday-Blitz-May-14-2024"]
[Site "Chess.com"]
[Date "2024.05.14"]
[Round "8"]
[White "gmcorrales"]
[Black "blitzking1729"]
[Result "1-0"]
[WhiteElo "2940"]
[BlackElo "2756"]
[TimeControl "180+1"]
[EndTime "9:29:21 PDT"]
[Termination "gmcorrales won by resignation"]

1. e4 e5 2. Nf3 Nc6 3. Bc4 Nf6 4. Ng5 d5 5. exd5 Na5 6. Bb5+ c6 7. dxc6 bxc6 8.
Bd3 Be7 9. O-O O-O 10. Nc3 h6 11. Nf3 Bg4 12. h3 Bh5 13. Re1 Bd6 14. Be2 e4 15. Nd4 Bg6 16. d3 Bc7 17. dxe4 Nxe4 18. Nxe4 Bxe4 19.
Bf3 Bxf3 20. Nxf3 Qf6 21. Bd2 Qxb2 22. Rb1 Qf6 23. Qe2 Bb6 24. Qa6 Qf5 25. Re5 Qxc2 26.
Rc1 Qxa2 27. Bxa5 Qxf2+ 28. Kh1 Rfe8 29. Bc3 Rxe5 30. Bxe5 Re8 31. Rf1 Qe3 32. Bg3 f6 33. Re1 1-0

[Event "Early-Titled-Tuesday-Blitz-May-14-2024"]
[Site "Chess.com"]
[Date "2024.05.14"]
[Round "8"]
[White "MANOJ_MISHRA123"]
[Black "Mandaloriana19"]
[Result "0-1"]
[WhiteElo "2243"]
[BlackElo "2422"]
[TimeControl "180+1"]
[EndTime "9:29:21 PDT"]
[Termination "Mandaloriana19 won by resignation"]

1. d4 d5 2. Bg5 h6 3. Bh4 g5 4.
Bg3 Bg7 5. h4 g4 6. e3 h5 7. c4 e6 8. Nc3 Nf6 9. Bd3 Nc6 10.
Nge2 a6 11. a3 dxc4 12. Bxc4 b5 13. Bd3 Bb7 14. Ne4 Ne7 15. Nxf6+ Bxf6 16. Nf4 Rc8 17. Rc1 Nd5 18. Nxd5 Qxd5 19. Rh2 c5 20. dxc5 Bxb2 21. Rc2 Be5 22. e4 Qd4 23. Ke2 Rxc5 24. Rd2 O-O 25.
Bb1 Qc4+ 26. Bd3 Qc3 27. Rc2 Qd4 28. Rxc5 Qxc5 29. Qd2 Bxg3 30. Qg5+ Qxg5 0-1

[Event "Early-Titled-Tuesday-Blitz-May-14-2024"]
[Site "Chess.com"]
[Date "2024.05.14"]
[Round "8"]
[White "VerdeNotte"]
[Black "BelyakovBogdan"]
[Result "1-0"]
[WhiteElo "2850"]
[BlackElo "2599"]
[TimeControl "180+1"]
[EndTime "9:29:22 PDT"]
[Termination "VerdeNotte won by resignation"]

1. e4 e5 2. Nf3 Nc6 3. c3 d5 4. Qa4 f6 5. d3 Be6 6. Nbd2 Bd6 7. d4 dxe4 8. Nxe4 exd4 9. Ba6 Bd5 10. Bxb7 Bxe4 11. Bxc6+ Bxc6 12. Qxc6+ Kf7 13. Qd5+ Kf8 14. Nxd4 Qe8+ 15. Ne6+ Kf7 16. Be3 Qxe6 17. Qxa8 a6 18. O-O Qe5 19. g3 h5 20. Bf4 Qf5 21. Bxd6 cxd6 22. Rfe1 Kg6 23. Re8 Kh7 24. Qxa6 h4 25. Qxd6 Qf3 26. Rd1 f5 27. Qd3 Qh5 28. Qe2 Qg6 29.
Rd4 Nh6 30. Rxh8+ Kxh8 31. Rxh4 Qe6 32. Qxe6 1-0

[Event "Early-Titled-Tuesday-Blitz-May-14-2024"]
[Site "Chess.com"]
[Date "2024.05.14"]
[Round "8"]
[White "francyIM"]
[Black "ketster"]
[Result "1-0"]
[WhiteElo "2868"]
[BlackElo "2646"]
[TimeControl "180+1"]
[EndTime "9:29:23 PDT"]
[Termination "francyIM won by checkmate"]

1. e4 e6 2. d4 d5 3. Nc3 Nf6 4. e5 Nfd7 5. f4 c5 6. Nf3 Nc6 7. Be3 a6 8. a3 b5 9. Ne2 Na5 10.
b3 Nc6 11. Ng3 Qb6 12. c3 a5 13. Be2 Rb8 14. f5 cxd4 15. Bxd4 Bc5 16. b4 axb4 17. axb4 Bxd4 18. cxd4 Nxb4 19. O-O Nc6 20. Kh1 Nf8 21.
Nh5 g6 22. Nf6+ Ke7 23. fxg6 Nxg6 24. Rc1 Bb7 25. Qd2 h6 26. Rc5 b4 27. Rfc1 Nf8 28. Qf4 Nd7 29. Rxd5 Nxf6 30. Qxf6+ Ke8 31. Qxh8+ Ke7 32. Qf6+ Ke8 33. Rd6 b3 34. Qh8+ Ke7 35.
Qf6+ Ke8 36. Ng5 hxg5 37. Bh5 Qc7 38. Rxe6+ Kf8 39. Qh8# 1-0

[Event "Early-Titled-Tuesday-Blitz-May-14-2024"]
[Site "Chess.com"]
[Date "2024.05.14"]
[Round "8"]
[White "ravengelic"]
[Black "Iball95"]
[Result "1-0"]
[WhiteElo "2721"]
[BlackElo "2916"]
[TimeControl "180+1"]
[EndTime "9:29:24 PDT"]
[Termination "ravengelic won by checkmate"]

1. d4 d5 2. Bf4 Nf6 3. e3 Bf5 4. Bd3 Bxd3 5. Qxd3 a6 6. Nd2 e6 7. Ngf3 Bd6 8. Bg3 O-O 9. O-O c5 10. dxc5 Bxc5 11. c4 Nc6 12. a3 Ba7 13. b4 dxc4 14.
Qxd8 Rfxd8 15. Nxc4 Ne4 16. Rfd1 f6 17. Bc7 Rxd1+ 18.
Rxd1 b5 19. Nb6 Bxb6 20. Bxb6 Nc3 21. Rd6 Rc8 22. h4 e5 23. h5 Nb1 24. h6 Nxa3 25.
Rd7 gxh6 26. Bc5 Nc2 27. Nh4 N6xb4 28. Be7 a5 29. Bxf6 a4 30. Nf5 Ra8 31. Nxh6+ Kf8 32.
Rxh7 Ra6 33. Rh8# 1-0

[Event "Early-Titled-Tuesday-Blitz-May-14-2024"]
[Site "Chess.com"]
[Date "2024.05.14"]
[Round "8"]
[White "esrosenberg"]
[Black "HeroWilczek"]
[Result "0-1"]
[WhiteElo "2328"]
[BlackElo "2538"]
[TimeControl "180+1"]
[EndTime "9:29:24 PDT"]
[Termination "HeroWilczek won by resignation"]

1. e4 c6 2. Nf3 d5 3. d3 dxe4 4. dxe4 Qxd1+ 5. Kxd1 Bg4 6. Nd2 e5 7. c3 Bc5 8. Kc2 Nd7 9. Nc4 Bxf3 10. gxf3 Ke7 11.
Be3 Bxe3 12. Nxe3 g6 13. h4 Ngf6 14. Rd1 Rad8 15. Bh3 Nh5 16. Bxd7 Rxd7 17. Nc4 f6 18. Rxd7+ Kxd7 19. Rd1+ Kc7 20. Ne3 Nf4 21. Ng4 Rf8 22.
c4 h5 23. Ne3 a5 24. Rg1 Rd8 25. b3 b6 26. a3 b5 27. cxb5 cxb5 28. Nd5+ Nxd5 29. exd5 Rg8 30. f4 Kd6 31. fxe5+ fxe5 32. Kd3 Kxd5 33. Ke3 Rc8 34. Kd2 Rc6 35. Rg5 b4 36. axb4 axb4 37. Rg3 Ke4 38. Rg1 Kf3 39. Rg3+ Kxf2 40. Rg5 e4 41. Re5 Rd6+ 0-1